 Dungeon Crawl Stone Soup version 0.24-a0-370-g78e9d4e317 (webtiles) character file.

Game seed: 3491196762262338450

151 Holzbalken the Insei (level 5, -5/38 HPs)
             Began as a Demonspawn Gladiator on May 30, 2019.
             Slain by an ice beast (13 damage)
             ... on level 3 of the Dungeon.
             The game lasted 00:10:26 (1850 turns).

Holzbalken the Insei (Demonspawn Gladiator)         Turns: 1850, Time: 00:10:27

Health: -5/38      AC: 10    Str: 15    XL:     5   Next: 11%
Magic:  0/5        EV: 10    Int:  9    God:
Gold:   129        SH:  0    Dex: 15    Spells: 4/4 levels left

rFire    . . .     SeeInvis .     - Unarmed
rCold    . . .     Gourm    .   (no shield)
rNeg     . . .     Faith    .   i - +0 scale mail (curse)
rPois    .         Spirit   +   c - +0 helmet
rElec    .         Reflect  .   h - +0 cloak
rCorr    .         Harm     .   (no gloves)
MR       .....                  (no boots)
Stlth    +.........             (no amulet)
HPRegen  0.12/turn              j - ring of stealth
MPRegen  0.09/turn              (no ring)

@: no status effects
A: claws 2, iridescent scales 1, magic shield
a: no special abilities


You were on level 3 of the Dungeon.
You were not hungry.

You visited 1 branch of the dungeon, and saw 4 of its levels.

You collected 129 gold pieces.

Inventory:

Missiles
 d - 3 throwing nets (quivered)
Armour
 b - a +0 leather armour
 c - a +0 helmet (worn)
 h - a +0 cloak (worn)
 i - a cursed +0 scale mail (worn)
 s - a +0 chain mail
Jewellery
 j - a ring of stealth (left claw)
 r - a cursed -3 ring of evasion {unknown}
Scrolls
 k - a scroll of amnesia {unknown}
 l - 2 scrolls of remove curse {unknown}
 n - 2 scrolls of immolation {unknown}
 o - a scroll of random uselessness {unknown}
 p - a scroll of noise {unknown}
 q - 4 scrolls of identify {unknown}
Potions
 a - a potion of degeneration {unknown}
 e - a potion of curing {unknown}
 m - 3 potions of flight {unknown}
Comestibles
 f - 3 rations
 g - 3 chunks of flesh


   Skills:
 - Level 2.0 Fighting
   Level 3.2 Polearms
 - Level 1.7 Throwing
 + Level 0.2 Armour
 - Level 2.6 Dodging
 * Level 3.9 Unarmed Combat


You had 4 spell levels left.
You didn't know any spells.
Your spell library was empty.

Dungeon Overview and Level Annotations

Branches:
Dungeon (4/15)
 Temple: D:4-7

Altars:
Makhleb

Shops:
D:4 *


Innate Abilities, Weirdness & Mutations

You have very sharp fingernails.
You are partially covered in iridescent scales. (AC +2)
When hurt, damage is shared between your health and your magic reserves.


Message History

The ice beast closely misses you.
You closely miss the ice beast.
The ice beast is lightly wounded.
The ice beast hits you. The ice beast freezes you!
You scratch the ice beast.
The ice beast is lightly wounded.
The ice beast barely misses you.
You scratch the ice beast.
The ice beast is moderately wounded.
The ice beast hits you but does no damage.
You scratch the ice beast but do no damage.
The ice beast is moderately wounded.
The ice beast hits you. The ice beast freezes you!
* * * LOW HITPOINT WARNING * * *
You closely miss the ice beast.
The ice beast is moderately wounded.
The ice beast hits you.
* * * LOW HITPOINT WARNING * * *
The ice beast freezes you!
You die...

#####.## #... #..# #...
##.# ##.# #.## #.#
######..##### #.#
#########...........# #.#
....................# #.#
................Y...# #.#
................@...#
####..
...)................#
........
....................#
...#####
....................# .
#....
....................# ###
.........#########'###+###
#.. ........)#
#.....<....... #...#
.........# #.####.###.##.
##### .........# #<....#
..


You could see an ice beast.

Vanquished Creatures
  A centaur skeleton (D:4)
  A worker ant (D:4)
  3 adders
  3 worms
  3 dart slugs
  3 orcs
  3 giant cockroaches
  12 goblins
  6 hobgoblins
  A quokka (D:3)
  5 bats
  A frilled lizard (D:1)
  10 kobolds
  11 rats
63 creatures vanquished.

Notes
Turn   | Place    | Note
-------+----------+-------------------------------------------
     0 | D:1      | Holzbalken the Demonspawn Gladiator began the quest for the
                  | Orb.
     0 | D:1      | Reached XP level 1. HP: 16/16 MP: 1/1
    96 | D:1      | Gained mutation: You have sharp fingernails. [demonic
                  | ancestry]
    96 | D:1      | Reached XP level 2. HP: 22/22 MP: 2/2
   166 | D:1      | Reached skill level 1 in Unarmed Combat
   579 | D:1      | Gained mutation: You have very sharp fingernails. [demonic
                  | ancestry]
   579 | D:1      | Reached XP level 3. HP: 27/27 MP: 3/3
   762 | D:2      | Found a burning altar of Makhleb.
   944 | D:2      | You fall into a shaft and drop 2 floors!
   954 | D:4      | Found Pitziw's Practical Paraphernalia.
   983 | D:4      | Gained mutation: When hurt, damage is shared between your
                  | health and your magic reserves. [demonic ancestry]
   983 | D:4      | Reached XP level 4. HP: 22/33 MP: 4/4
  1765 | D:3      | Gained mutation: You are partially covered in iridescent
                  | scales. (AC +2) [demonic ancestry]
  1765 | D:3      | Reached XP level 5. HP: 38/38 MP: 5/5
  1816 | D:3      | Noticed an ice beast
  1850 | D:3      | Slain by an ice beast

Levels and vault maps discovered:
D:1:      dpeg_arrival_water_altar, layout_basic
D:2:      layout_rooms, lemuel_crystal_altar, first_ration, st_stairs_3,
          chequers_mini_garden
D:3:      layout_basic, hangedman_decor_opposing
D:4:      layout_rooms, nicolae_alphabet_shops

Skill      XL: |  1  2  3 |
---------------+----------+-----
Polearms       | 3 |  3.2
Unarmed Combat | 1 3 |  3.9
Fighting       | |  2.0
Throwing       | |  1.7
Armour         | |  0.2
Dodging        | |  2.6

Action                   |  1- 3 |  4- 6 || total
-------------------------+-------+-------++-------
Melee: Trident           |    19 |       ||    19
       Unarmed           |   108 |    67 ||   175
       Punch             |       |     1 ||     1
  Eat: Chunk             |       |     3 ||     3
Armor: Leather armour    |    20 |       ||    20
       Scale mail        |    24 |    23 ||    47
Dodge: Dodged            |    59 |    30 ||    89

Table legend:
 A = Non-vault XP
 B = Vault XP
 C = Vault XP percentage of total XP
 D = Non-vault monster count
 E = Vault monster count
 F = Vault count percentage of total count
                 A         B        C        D         E       F
            +---------+---------+-------+---------+---------+-------
      Total |     203 |      14 |   6.5 |      61 |       2 |   3.2
            +---------+---------+-------+---------+---------+-------
        D:1 |      43 |       0 |   0.0 |      28 |       0 |   0.0
        D:2 |      51 |      14 |  21.5 |      19 |       2 |   9.5
        D:3 |      29 |       0 |   0.0 |       9 |       0 |   0.0
        D:4 |      80 |       0 |   0.0 |       5 |       0 |   0.0
            +---------+---------+-------+---------+---------+-------
